 Dungeon Crawl Stone Soup version 0.25-a0-341-g6f074c887a (webtiles) character file.

Game seed: 10279415325481473686, levelgen mode: deterministic

1687 jclain the Cleaver (level 8, -9/73 HPs)
             Began as a Minotaur Berserker on Dec 30, 2019.
             Was an Elder of Trog.
             Mangled by a red ugly thing (14 damage)
             ... on level 6 of the Dungeon.
             The game lasted 00:17:39 (4436 turns).

jclain the Cleaver (Minotaur Berserker)             Turns: 4436, Time: 00:17:39

Health: -9/73      AC: 11    Str: 24    XL:     8   Next: 71%
Magic:  0/7        EV:  9    Int:  4    God:    Trog [****..]
Gold:   306        SH:  3    Dex: 10    Spells: 7/7 levels left

rFire    . . .     SeeInvis +   a - +0 war axe
rCold    . . .     Gourm    .   d - +0 buckler
rNeg     . . .     Faith    .   o - +0 chain mail
rPois    .         Spirit   +   (helmet restricted)
rElec    .         Reflect  .   r - scarf {Spirit}
rCorr    .         Harm     .   (no gloves)
MR       .....                  w - +0 pair of boots
Stlth    ..........             (no amulet)
HPRegen  0.22/turn              u - ring of see invisible
MPRegen  0.10/turn              (no ring)

@: no status effects
A: retaliatory headbutt, horns 2
a: Berserk, Trog's Hand, Brothers in Arms, Renounce Religion


You were on level 6 of the Dungeon.
You worshipped Trog.
Trog was greatly pleased with you.
You were not hungry.

You visited 1 branch of the dungeon, and saw 6 of its levels.

You collected 306 gold pieces.

Inventory:

Hand Weapons
 a - a +0 war axe (weapon)
Armour
 d - a +0 buckler (worn)
 o - a +0 chain mail (worn)
 r - a scarf of spirit shield (worn)
 s - a +0 plate armour
 w - a +0 pair of boots (worn)
Jewellery
 u - a ring of see invisible (left hand)
Scrolls
 b - 5 scrolls of identify {unknown}
 e - 2 scrolls of amnesia {unknown}
 f - 8 scrolls of teleportation {unknown}
 j - a scroll of random uselessness {unknown}
 k - 6 scrolls of remove curse {unknown}
 m - 2 scrolls of enchant armour {unknown}
 n - 2 scrolls of immolation {unknown}
 p - 2 scrolls of blinking {unknown}
 v - a scroll of fog {unknown}
Potions
 g - a potion of invisibility {unknown}
 i - 3 potions of heal wounds {unknown}
 l - 3 potions of curing {unknown}
 q - 4 potions of brilliance {unknown}
 t - a potion of mutation {unknown}
Comestibles
 c - 13 rations
 h - 2 chunks of flesh


   Skills:
 + Level 7.1 Fighting
 + Level 10.0 Axes
 + Level 6.2 Armour
 + Level 4.3 Dodging
 + Level 1.0 Stealth


You had 7 spell levels left.
You didn't know any spells.
Your spell library was empty.

Dungeon Overview and Level Annotations

Branches:
Dungeon (6/15)
 Temple: D:4-7

Altars:
Nemelex Xobeh
Sif Muna
Wu Jian
Xom
The Shining One

Shops:
D:6 [

Annotations:
D:6 armures


Innate Abilities, Weirdness & Mutations

You reflexively headbutt those who attack you in melee.
You have a pair of horns on your head.


Message History

You slash the red ugly thing!
Your headbutt misses the red ugly thing.
The red ugly thing is moderately wounded.
The red ugly thing bites you but does no damage.
You barely miss the red ugly thing.
The red ugly thing is moderately wounded.
The red ugly thing bites you!
You are engulfed in flames!!
You slash the red ugly thing!
The red ugly thing is moderately wounded.
The red ugly thing bites you!
You are engulfed in flames!
* * * LOW HITPOINT WARNING * * *
You closely miss the red ugly thing.
The red ugly thing is moderately wounded.
The red ugly thing misses you.
You slash the red ugly thing!
The red ugly thing is heavily wounded.
The red ugly thing bites you!
* * * LOW HITPOINT WARNING * * *
You are engulfed in flames!
You die...

[# #.# #.# #.#
#.# ######## #.#
###......#####.#
#....u@#.......#
#.....########.#
#...... #.#
.....## #.#####
#### #####
#.....# ....
#####.# ###. #.#
#.# #.#


You could see a red ugly thing.

Vanquished Creatures
  Grinder (D:4)
  A hippogriff (D:4)
  Sigmund (D:3)
  A sky beast (D:3)
  A phantom (D:5)
  An ogre (D:6)
  2 bullfrogs (D:6)
  Blork the orc (D:4)
  2 crimson imps
  A hound (D:4)
  2 orc priests (D:5)
  A centaur skeleton (D:6)
  Jessica (D:2)
  2 iguanas (D:3)
  2 orc wizards
  Natasha (D:2)
  5 worker ants
  7 adders
  4 gnolls (D:4)
  2 oozes
  7 worms
  5 dart slugs
  20 orcs
  6 bats
  5 giant cockroaches
  5 hobgoblins
  4 jackals
  8 kobolds
  3 quokkas
  6 frilled lizards
  4 goblins
  A quokka skeleton (D:4)
  14 rats
127 creatures vanquished.

Notes
Turn   | Place    | Note
-------+----------+-------------------------------------------
     0 | D:1      | jclain the Minotaur Berserker began the quest for the Orb.
     0 | D:1      | Reached XP level 1. HP: 19/19 MP: 0/0
   181 | D:1      | Reached XP level 2. HP: 27/27 MP: 1/1
   331 | D:1      | Reached skill level 4 in Axes
   597 | D:2      | Noticed Jessica
   723 | D:2      | Reached ** piety under Trog
   727 | D:2      | Killed Jessica
   727 | D:2      | Reached XP level 3. HP: 34/34 MP: 2/2
   929 | D:2      | Noticed Natasha
   937 | D:2      | Killed Natasha
   937 | D:2      | Reached XP level 4. HP: 15/41 MP: 3/3
  1306 | D:2      | Found a shimmering altar of Xom.
  1430 | D:3      | HP: 2/61 [iguana (7)]
  1432 | D:3      | Reached skill level 5 in Axes
  1457 | D:3      | Reached skill level 5 in Fighting
  1457 | D:3      | Reached XP level 5. HP: 23/48 MP: 4/4
  1857 | D:3      | Noticed Sigmund
  1867 | D:3      | Killed Sigmund
  1867 | D:3      | Reached skill level 6 in Axes
  1867 | D:3      | Reached XP level 6. HP: 56/56 MP: 5/5
  2008 | D:3      | Reached *** piety under Trog
  2085 | D:3      | Found a faded altar of an unknown god.
  2203 | D:3      | Noticed a sky beast
  2210 | D:3      | Killed a sky beast
  2210 | D:3      | Reached skill level 7 in Axes
  2327 | D:4      | Reached XP level 7. HP: 58/62 MP: 6/6
  2334 | D:4      | Noticed Blork the orc
  2351 | D:4      | Killed Blork the orc
  2460 | D:4      | Found an ornate altar of the Wu Jian Council.
  2541 | D:4      | Noticed a hippogriff
  2551 | D:4      | Killed a hippogriff
  2551 | D:4      | Reached skill level 8 in Axes
  2726 | D:4      | Noticed Grinder
  2759 | D:4      | Killed Grinder
  2759 | D:4      | Reached XP level 8. HP: 37/71 MP: 4/7
  2998 | D:5      | Entered Level 5 of the Dungeon
  3035 | D:5      | Reached skill level 9 in Axes
  3126 | D:5      | Reached skill level 5 in Armour
  3223 | D:5      | Found a sparkling altar of Nemelex Xobeh.
  3223 | D:5      | Found a shimmering blue altar of Sif Muna.
  3292 | D:5      | Reached **** piety under Trog
  3549 | D:5      | Found a glowing golden altar of the Shining One.
  3739 | D:6      | Found a shimmering altar of Xom.
  3863 | D:6      | Found a shimmering altar of Xom.
  3863 | D:6      | Found a shimmering altar of Xom.
  3869 | D:6      | Found a shimmering altar of Xom.
  3869 | D:6      | Found a shimmering altar of Xom.
  4025 | D:6      | Found Ecoizenk's Antique Armour Emporium.
  4354 | D:6      | Reached skill level 10 in Axes
  4354 | D:6      | Reached skill level 1 in Stealth
  4429 | D:6      | Noticed a red ugly thing
  4436 | D:6      | Mangled by a red ugly thing

Levels and vault maps discovered:
D:1:      nicolae_arrival_memento_mori, layout_rooms
D:2:      layout_rooms, lemuel_coloured_pillars_altar, nrook_mini_backslash,
          uniq_jessica, uniq_natasha
D:3:      kennysheep_big_flooded_room, layout_basic,
          chequers_ecumenical_altar_twisty, uniq_sigmund
D:4:      layout_basic, overflow_temple_1_default, first_ration,
          uniq_blork_the_orc, uniq_grinder
D:5:      layout_loops_ring, gammafunk_temple_overflow_elements,
          nicolae_tso_swordbearing_angel
D:6:      minmay_opposing_rooms, layout_basic, kennysheep_mini, serial_shops,
          shop, xom_redecorated

Skill      XL: |  1  2  3  4  5  6  7  8 |
---------------+-------------------------+-----
Fighting       | 4 5 6 7 |  7.1
Axes           | 4 5 6 7 8 10 | 10.0
Dodging        | 3 4 |  4.3
Armour         | 3 4 6 |  6.2
Stealth        | 1 |  1.0

Action                   |  1- 3 |  4- 6 |  7- 9 || total
-------------------------+-------+-------+-------++-------
Melee: Hand axe          |    51 |    36 |       ||    87
       Headbutt          |     8 |    14 |    27 ||    49
       War axe           |       |    49 |   166 ||   215
Invok: Berserk           |     2 |     2 |     2 ||     6
       Trog's Hand       |     1 |     1 |       ||     2
  Eat: Chunk             |     1 |     7 |     6 ||    14
       Ration            |       |       |     1 ||     1
Armor: Animal skin       |     9 |     6 |       ||    15
       Chain mail        |       |    31 |    88 ||   119
Dodge: Dodged            |    34 |    52 |    66 ||   152
Block: Buckler           |       |       |     3 ||     3

Table legend:
 A = Non-vault XP
 B = Vault XP
 C = Vault XP percentage of total XP
 D = Non-vault monster count
 E = Vault monster count
 F = Vault count percentage of total count
                 A         B        C        D         E       F
            +---------+---------+-------+---------+---------+-------
      Total |    1744 |     667 |  27.7 |     120 |       7 |   5.5
            +---------+---------+-------+---------+---------+-------
        D:1 |      32 |       0 |   0.0 |      21 |       0 |   0.0
        D:2 |      33 |      72 |  68.6 |      13 |       2 |  13.3
        D:3 |     350 |     231 |  39.8 |      35 |       3 |   7.9
        D:4 |     507 |     364 |  41.8 |      23 |       2 |   8.0
        D:5 |     331 |       0 |   0.0 |      17 |       0 |   0.0
        D:6 |     491 |       0 |   0.0 |      11 |       0 |   0.0
            +---------+---------+-------+---------+---------+-------
